WLB
COLORADO ROCKIES @ SAN DIEGO PADRES
07/04/2023
 
TOP OF THE 1ST
Colorado Rockies batting - Pitching for San Diego Padres : RHP Tony Gonsolin
Pitching: RHP Tony Gonsolin
Batting: SHB Xavier Edwards 0-0: Called Strike
0-1: Called Strike
0-2: Foul Ball, location: 2F
0-2: Ball
1-2: Foul Ball, location: 2F
1-2: Foul Ball, location: 2F
1-2: Ball
2-2: Foul Ball, location: 2F
2-2: Fly out, F8 (Flyball, 8RD, EV 108.1 MPH)
Batting: RHB Yandy Díaz 0-0: Ball
1-0: Fly out, F7 (Flyball, 78M, EV 84.4 MPH)
Batting: LHB Joc Pederson 0-0: Ball
1-0: Ball
2-0: Swinging Strike
2-1: Foul Ball, location: 2F
2-2: Ball
3-2: Foul Ball, location: 2F
3-2: Base on Balls
Batting: RHB Teoscar Hernández 0-0: Foul Ball, location: 2F
0-1: Fly out, F8 (Flyball, 8RXD, EV 96.2 MPH)
Top of the 1st over - 0 runs, 0 hits, 0 errors, 1 left on base; Colorado 0 - San Diego 0
BOTTOM OF THE 1ST
San Diego Padres batting - Pitching for Colorado Rockies : LHP Eduardo Rodriguez
Pitching: LHP Eduardo Rodriguez
Batting: RHB Ezequiel Tovar 0-0: Ball
1-0: Ball
2-0: Ball
3-0: Called Strike
3-1: Foul Ball, location: 2F
3-2: Foul Ball, location: 2F
3-2: Fly out, F8 (Flyball, 8LM, EV 93.1 MPH)
Batting: RHB Kris Bryant 0-0: Called Strike
0-1: Ball
1-1: Ball
2-1: Swinging Strike
2-2: Foul Ball, location: 2F
2-2: Strikes out swinging
Batting: RHB Oscar Gonzalez 0-0: Ball
1-0: Swinging Strike
1-1: Swinging Strike
1-2: Ball
2-2: Ball
3-2: Base on Balls
Batting: RHB Alex Bregman 0-0: Ball
1-0: Foul Ball, location: 2F
1-1: Called Strike
1-2: Ball
2-2: Ground out 5-3 (Groundball, 56S, EV 86.2 MPH)
Bottom of the 1st over - 0 runs, 0 hits, 0 errors, 1 left on base; Colorado 0 - San Diego 0
TOP OF THE 2ND
Colorado Rockies batting - Pitching for San Diego Padres : RHP Tony Gonsolin
Batting: LHB Nick Gordon 0-0: Fly out, F7 (Line Drive, 78M, EV 88.8 MPH)
Batting: LHB Andrew Benintendi 0-0: Ball
1-0: Ball
2-0: Ball
3-0: Fly out, F7 (Flyball, 78M, EV 83.8 MPH)
Batting: LHB Reese McGuire 0-0: Ball
1-0: Ball
2-0: Called Strike
2-1: Ground out 1-3 (Groundball, 34S, EV 66.9 MPH)
Top of the 2nd over - 0 runs, 0 hits, 0 errors, 0 left on base; Colorado 0 - San Diego 0
BOTTOM OF THE 2ND
San Diego Padres batting - Pitching for Colorado Rockies : LHP Eduardo Rodriguez
Batting: RHB Danny Jansen 0-0: Foul Ball, location: 2F
0-1: Called Strike
0-2: Foul Ball, location: 2F
0-2: Ball
1-2: Ball
2-2: Ground out 6-3 (Groundball, 4MS, EV 73.1 MPH)
Batting: RHB Brennen Davis 0-0: Ball
1-0: SOLO HOME RUN (Flyball, 7LD, EV 95.0 MPH), Distance : 353 ft
Batting: RHB Luis Urias 0-0: Ball
1-0: Called Strike
1-1: Ball
2-1: Ball
3-1: Base on Balls
Batting: LHB Matt Beaty 0-0: Ball
1-0: Ball
2-0: Foul Ball, location: 2F
2-1: Foul Ball, location: 2F
2-2: Foul Ball, location: 2F
2-2: Foul Ball, location: 2F
2-2: 2-RUN HOME RUN (Flyball, 8LXD, EV 100.0 MPH), Distance : 412 ft
Batting: LHB Cedric Mullins 0-0: Ball
1-0: Called Strike
1-1: Foul Ball, location: 2F
1-2: Ball
2-2: Strikes out swinging
Batting: RHB Ezequiel Tovar 0-0: Ground out 6-3 (Groundball, 6, EV 83.1 MPH)
Bottom of the 2nd over - 3 runs, 2 hits, 0 errors, 0 left on base; Colorado 0 - San Diego 3
TOP OF THE 3RD
Colorado Rockies batting - Pitching for San Diego Padres : RHP Tony Gonsolin
Batting: RHB Myles Straw 0-0: Called Strike
0-1: Swinging Strike
0-2: Fly out, F9 (Flyball, 89D, EV 109.4 MPH)
Batting: LHB Luis Guillorme 0-0: Ground out 5-3 (Groundball, 56, EV 101.2 MPH)
Batting: SHB Xavier Edwards 0-0: Ball
1-0: Called Strike
1-1: Ball
2-1: Called Strike
2-2: Foul Ball, location: 2F
2-2: Fly out, F9 (Flyball, 9D, EV 88.8 MPH)
Top of the 3rd over - 0 runs, 0 hits, 0 errors, 0 left on base; Colorado 0 - San Diego 3
BOTTOM OF THE 3RD
San Diego Padres batting - Pitching for Colorado Rockies : LHP Eduardo Rodriguez
Batting: RHB Kris Bryant 0-0: Called Strike
0-1: Foul Ball, location: 2F
0-2: Ball
1-2: Foul Ball, location: 2F
1-2: Ball
2-2: Ground out 5-3 (Groundball, 56S, EV 86.2 MPH)
Batting: RHB Oscar Gonzalez 0-0: Ground out 2-3 (Groundball, 13S, EV 66.9 MPH)
Batting: RHB Alex Bregman 0-0: Ball
1-0: Ball
2-0: Ball
3-0: Base on Balls
Batting: RHB Danny Jansen 0-0: SINGLE (Line Drive, 56D, EV 104.4 MPH)
Alex Bregman to second
Batting: RHB Brennen Davis 0-0: Foul Ball, location: 2F
0-1: Swinging Strike
0-2: Ball
1-2: Strikes out swinging
Bottom of the 3rd over - 0 runs, 1 hit, 0 errors, 2 left on base; Colorado 0 - San Diego 3
TOP OF THE 4TH
Colorado Rockies batting - Pitching for San Diego Padres : RHP Tony Gonsolin
Batting: RHB Yandy Díaz 0-0: Ball
1-0: Ball
2-0: Ball
3-0: Fly out, F3 (Popup, 3DF, EV 75.0 MPH)
Batting: LHB Joc Pederson 0-0: Ball
1-0: Ball
2-0: Foul Ball, location: 2F
2-1: Ball
3-1: Swinging Strike
3-2: Foul Ball, location: 2F
3-2: Base on Balls
Batting: RHB Teoscar Hernández 0-0: Ball
1-0: Foul Ball, location: 2F
1-1: Fly out, F8 (Flyball, 8RD, EV 101.2 MPH)
Batting: LHB Nick Gordon 0-0: Ball
1-0: Foul Ball, location: 2F
1-1: Fly out, F3 (Popup, 34S, EV 82.5 MPH)
Top of the 4th over - 0 runs, 0 hits, 0 errors, 1 left on base; Colorado 0 - San Diego 3
BOTTOM OF THE 4TH
San Diego Padres batting - Pitching for Colorado Rockies : LHP Eduardo Rodriguez
Batting: RHB Luis Urias 0-0: Ball
1-0: Called Strike
1-1: Ball
2-1: Foul Ball, location: 2F
2-2: Fly out, F8 (Flyball, 8RD, EV 98.8 MPH)
Batting: LHB Matt Beaty 0-0: Fly out, F7 (Flyball, 78M, EV 86.2 MPH)
Batting: LHB Cedric Mullins 0-0: Ball
1-0: Swinging Strike
1-1: Foul Ball, location: 2F
1-2: Ground out U3 (Groundball, 34, EV 100.6 MPH)
Bottom of the 4th over - 0 runs, 0 hits, 0 errors, 0 left on base; Colorado 0 - San Diego 3
TOP OF THE 5TH
Colorado Rockies batting - Pitching for San Diego Padres : RHP Tony Gonsolin
Batting: LHB Andrew Benintendi 0-0: Called Strike
0-1: Called Strike
0-2: Foul Ball, location: 2F
0-2: Ground out 3-1 (Groundball, 34S, EV 62.5 MPH)
Batting: LHB Reese McGuire 0-0: Ball
1-0: Called Strike
1-1: DOUBLE (Line Drive, 8RXD, EV 109.4 MPH)
Batting: RHB Myles Straw 0-0: Ball
1-0: Foul Ball, location: 2F
1-1: Ball
2-1: Fly out, F6 (Line Drive, 6, EV 68.1 MPH)
Batting: LHB Luis Guillorme 0-0: Fly out, F8 (Flyball, 8LXD, EV 103.8 MPH)
Top of the 5th over - 0 runs, 1 hit, 0 errors, 1 left on base; Colorado 0 - San Diego 3
BOTTOM OF THE 5TH
San Diego Padres batting - Pitching for Colorado Rockies : LHP Eduardo Rodriguez
Batting: RHB Ezequiel Tovar 0-0: Ball
1-0: Ball
2-0: Ball
3-0: Called Strike
3-1: TRIPLE (Flyball, 9LD, EV 112.5 MPH)
Batting: RHB Kris Bryant 0-0: Called Strike
0-1: SINGLE (Flyball, 6D, EV 92.5 MPH)
Ezequiel Tovar scores
Batting: RHB Oscar Gonzalez 0-0: Grounds into double play, 6-4-3 (Groundball, 6, EV 86.2 MPH)
Batting: RHB Alex Bregman 0-0: Called Strike
0-1: Foul Ball, location: 2F
0-2: Ball
1-2: Strikes out looking
Bottom of the 5th over - 1 run, 2 hits, 0 errors, 0 left on base; Colorado 0 - San Diego 4
TOP OF THE 6TH
Colorado Rockies batting - Pitching for San Diego Padres : RHP Tony Gonsolin
Batting: SHB Xavier Edwards 0-0: Called Strike
0-1: Called Strike
0-2: Ball
1-2: Ball
2-2: Ball
3-2: Base on Balls
Batting: RHB Yandy Díaz 0-0: Foul Ball, location: 2F
0-1: SINGLE (Groundball, 56D, EV 106.9 MPH)
Xavier Edwards to second
Batting: LHB Joc Pederson 0-0: Foul Ball, location: 2F
0-1: Ball
1-1: Called Strike
1-2: Fly out, F9 (Flyball, 9, EV 85.6 MPH)
Batting: RHB Teoscar Hernández 0-0: Ball
1-0: Ball
2-0: Called Strike
2-1: Called Strike
Xavier Edwards steals 3rd base
Yandy Díaz to second
2-2: 3-RUN HOME RUN (Line Drive, 9D, EV 97.5 MPH), Distance : 367 ft
Batting: LHB Nick Gordon 0-0: Ball
1-0: TRIPLE (Flyball, 89XD, EV 95.0 MPH)
Batting: LHB Andrew Benintendi 0-0: SINGLE (Groundball, 4D, EV 107.5 MPH)
Nick Gordon scores
Batting: LHB Reese McGuire 0-0: Called Strike
0-1: SINGLE (Groundball, 34D, EV 96.2 MPH)
Andrew Benintendi to second
Runner from 2nd tries for 3rd, SAFE, no throw by RF
Batting: RHB Myles Straw 0-0: Ball
1-0: Ball
2-0: Fly out, F3 (Popup, 3SF, EV 71.2 MPH)
Batting: LHB Luis Guillorme 0-0: Called Strike
0-1: Ball
1-1: Ball
2-1: Foul Ball, location: 2F
2-2: Foul Ball, location: 2F
2-2: Fielders Choice at 2nd, 6-4 (Groundball, 6, EV 85.6 MPH)
Top of the 6th over - 4 runs, 5 hits, 0 errors, 2 left on base; Colorado 4 - San Diego 4
BOTTOM OF THE 6TH
San Diego Padres batting - Pitching for Colorado Rockies : LHP Eduardo Rodriguez
Batting: RHB Danny Jansen 0-0: Ball
1-0: Called Strike
1-1: Foul Ball, location: 2F
1-2: Ball
2-2: Strikes out looking
Batting: RHB Brennen Davis 0-0: DOUBLE (Flyball, 8RXD, EV 103.8 MPH)
Batting: RHB Luis Urias 0-0: Ball
1-0: Ball
2-0: Foul Ball, location: 2F
2-1: Swinging Strike
2-2: Foul Ball, location: 2F
2-2: Foul Ball, location: 2F
2-2: Foul Ball, location: 2F
2-2: Ground out 1-3 (Groundball, 13S, EV 73.8 MPH)
Brennen Davis to third
Pitching: RHP Bryan Baker
Batting: LHB Matt Beaty 0-0: Ball
1-0: Ball
2-0: Foul Ball, location: 2F
2-1: SINGLE (Flyball, 8RS, EV 98.1 MPH)
Brennen Davis scores
Batting: LHB Cedric Mullins 0-0: Foul Ball, location: 2F
0-1: Ball
1-1: Ball
2-1: Fly out, F9 (Flyball, 89S, EV 97.5 MPH)
Bottom of the 6th over - 1 run, 2 hits, 0 errors, 1 left on base; Colorado 4 - San Diego 5
TOP OF THE 7TH
Colorado Rockies batting - Pitching for San Diego Padres : RHP Tony Gonsolin
Pitching: RHP Hunter Brown
Batting: SHB Xavier Edwards 0-0: Called Strike
0-1: Ball
1-1: Ground out 6-3 (Groundball, 6MD, EV 107.5 MPH)
Batting: RHB Yandy Díaz 0-0: Foul Ball, location: 2F
0-1: Ball
1-1: Called Strike
1-2: Foul Ball, location: 2F
1-2: Foul Ball, location: 2F
1-2: Ball
2-2: Ground out 6-3 (Groundball, 6MD, EV 105.0 MPH)
Batting: LHB Joc Pederson 0-0: Ball
1-0: Foul Ball, location: 2F
1-1: Swinging Strike
1-2: Strikes out looking
Top of the 7th over - 0 runs, 0 hits, 0 errors, 0 left on base; Colorado 4 - San Diego 5
BOTTOM OF THE 7TH
San Diego Padres batting - Pitching for Colorado Rockies : RHP Bryan Baker
Batting: RHB Ezequiel Tovar 0-0: Ground out 6-3 (Groundball, 6M, EV 98.8 MPH)
Batting: RHB Kris Bryant 0-0: Ball
1-0: Ground out 4-3 (Groundball, 4S, EV 70.6 MPH)
Batting: RHB Oscar Gonzalez 0-0: SINGLE (Line Drive, 56D, EV 97.5 MPH)
Batting: RHB Alex Bregman 0-0: Called Strike
0-1: Foul Ball, location: 2F
0-2: Reached on error, E5 (Groundball, 5L, EV 84.4 MPH)
Oscar Gonzalez to second
Batting: RHB Danny Jansen 0-0: Ground out U3 (Groundball, 34S, EV 85.6 MPH)
Bottom of the 7th over - 0 runs, 1 hit, 1 error, 2 left on base; Colorado 4 - San Diego 5
TOP OF THE 8TH
Colorado Rockies batting - Pitching for San Diego Padres : RHP Hunter Brown
Now in RF: Jesus Sanchez
Batting: RHB Teoscar Hernández 0-0: Called Strike
0-1: Ball
1-1: Foul Ball, location: 2F
1-2: Strikes out swinging
Batting: LHB Nick Gordon 0-0: Called Strike
0-1: Ground out 6-3 (Groundball, 6, EV 84.4 MPH)
Batting: LHB Andrew Benintendi 0-0: Ball
1-0: Called Strike
1-1: Foul Ball, location: 2F
1-2: Foul Ball, location: 2F
1-2: Foul Ball, location: 2F
1-2: Foul Ball, location: 2F
1-2: Ball
2-2: Foul Ball, location: 2F
2-2: SINGLE (Groundball, 34D, EV 105.0 MPH)
Batting: LHB Reese McGuire 0-0: Called Strike
0-1: Ball
1-1: Ball
2-1: Ball
3-1: Foul Ball, location: 2F
3-2: Foul Ball, location: 2F
3-2: Base on Balls
Andrew Benintendi to second
Pitching: RHP Liam Hendriks
Batting: RHB Myles Straw 0-0: Fly out, F7 (Flyball, 78S, EV 85.6 MPH)
Top of the 8th over - 0 runs, 1 hit, 0 errors, 2 left on base; Colorado 4 - San Diego 5
BOTTOM OF THE 8TH
San Diego Padres batting - Pitching for Colorado Rockies : RHP Bryan Baker
Pitching: RHP Hector Neris
Batting: RHB Brennen Davis 0-0: Called Strike
0-1: Foul Ball, location: 2F
0-2: Foul Ball, location: 2F
0-2: Ball
1-2: Fly out, F7 (Flyball, 78S, EV 85.6 MPH)
Batting: RHB Luis Urias 0-0: Ball
1-0: Ball
2-0: Swinging Strike
2-1: Foul Ball, location: 2F
2-2: Strikes out swinging
Batting: LHB Matt Beaty 0-0: Ball
1-0: Ball
2-0: Ball
3-0: Base on Balls
Batting: LHB Cedric Mullins 0-0: Ball
1-0: Ball
2-0: Swinging Strike
2-1: Fly out, F8 (Flyball, 8RD, EV 88.1 MPH)
Bottom of the 8th over - 0 runs, 0 hits, 0 errors, 1 left on base; Colorado 4 - San Diego 5
TOP OF THE 9TH
Colorado Rockies batting - Pitching for San Diego Padres : RHP Liam Hendriks
Batting: LHB Luis Guillorme 0-0: Ball
1-0: Ball
2-0: Ground out 6-3 (Groundball, 15, EV 85.0 MPH)
Batting: SHB Xavier Edwards 0-0: Ball
1-0: Foul Ball, location: 2F
1-1: Foul Ball, location: 2F
1-2: DOUBLE (Line Drive, 89M, EV 96.9 MPH)
Batting: RHB Yandy Díaz 0-0: Called Strike
0-1: Called Strike
0-2: Ground out 5-3 (Groundball, 5, EV 86.9 MPH)
Batting: LHB Joc Pederson 0-0: Ball
1-0: Ball
2-0: Called Strike
2-1: Swinging Strike
2-2: Ball
3-2: Base on Balls
Batting: RHB Teoscar Hernández 0-0: Swinging Strike
0-1: Ball
1-1: Foul Ball, location: 2F
1-2: Ball
Wild Pitch!
Xavier Edwards to third
Joc Pederson to second
2-2: Strikes out swinging
Top of the 9th over - 0 runs, 1 hit, 0 errors, 2 left on base; Colorado 4 - San Diego 5
Wednesday, May 3rd , 2023 - OOTP Baseball 23.10 Build 110